 Dungeon Crawl Stone Soup version 0.31-a0-1082-g7d1fb776a8 (webtiles) character file.

Game seed: 18372477403147814929

49 Flugslaktarn the Changeling (level 3, -7/24 HPs)
             Began as an Octopode Shapeshifter on Nov 28, 2023.
             Mangled by Terence
             ... wielding a +0 hand axe
              (8 damage)
             ... on level 2 of the Dungeon.
             The game lasted 00:00:27 (987 turns).

Flugslaktarn the Changeling (Octopode Shapeshifter)  Turns: 987, Time: 00:00:27

Health: -7/24      AC:  1    Str: 13    XL:     3   Next: 77%
Magic:  3/3        EV: 13    Int: 12    God:
Gold:   52         SH:  0    Dex: 13    Spells: 2/2 levels left

rFire   . .          .
                       - Unarmed
rCold   + . .        (no shield)
rNeg    . . .        (helmet currently unavailable)
rPois   .            (no amulet)
rElec   .            c - ring of protection from cold
rCorr   .            (no ring)
SInv    .            (no ring)
Will    .....        (no ring)
Stlth   ++           (no ring)
HPRegen 0.24/turn    (no ring)
MPRegen 0.08/turn    (no ring)
                     (no ring)

%: no passive effects
@: beast-form
A: beast (slay +2), almost no armour, amphibious, 8 rings, camouflage 1,
gelatinous body 1, (nimble swimmer 1), tentacles
a: Begin Untransformation


You were on level 2 of the Dungeon.
You were a hulking beast.
You visited 1 branch of the dungeon, and saw 2 of its levels.

You collected 52 gold pieces.

Inventory:

Jewellery
 c - a ring of protection from cold (left tentacle)
   (You found it on level 1 of the Dungeon)
Talismans
 b - a beast talisman
 j - a flux talisman
Scrolls
 e - a scroll of immolation {unknown}
 i - a scroll of amnesia {unknown}
 k - a scroll of brand weapon {unknown}
Potions
 a - 2 potions of lignification
 d - 2 potions of haste {unknown}
 f - a potion of attraction {unknown}
 g - 2 potions of degeneration {unknown}
 h - a potion of berserk rage {unknown}


   Skills:
 + Level 1.9 Fighting
 - Level 2.0 Dodging
 + Level 3.4 Unarmed Combat
 * Level 3.7 Shapeshifting


You had 2 spell levels left.
You didn't know any spells.
Your spell library was empty.

Dungeon Overview and Level Annotations

Branches:
Dungeon (2/15)

Altars:

Annotations:
D:2 Terence


Innate Abilities, Weirdness & Mutations

You are a hulking beast.
Your limbs bulge with bestial killing power. (Slay +2)
You cannot wear most types of armour.
You are amphibious.
You can wear up to eight rings at the same time.
Your skin changes colour to match your surroundings (Stealth+).
Your rubbery body absorbs attacks. (AC +1, EV +1)
((You are camouflaged when in or above water. (Stealth+)))
You have tentacles for arms and can constrict up to eight enemies at once.


Message History

a +0 short sword; a kobold corpse
Found a scale mail.
No target in view!
g - 2 fizzy cyan potions (gained 1)
You see here a +0 scale mail.
Found an escape hatch in the ceiling.
There is an escape hatch in the ceiling here.
A bat comes into view.
A kobold comes into view. It is wielding a +0 short sword.
The kobold shouts!
Found a stone staircase leading down.
The kobold hits you but does no damage.
You barely miss the kobold. You grab the kobold. You constrict the kobold.
The kobold hits you but does no damage.
You tentacle-slap the kobold.
You kill the kobold!
No target in view!
No target in view!
Things that are here:
a +0 short sword; a kobold corpse A frilled lizard comes into view.
The frilled lizard hisses angrily.
The bat hits you but does no damage.
There is a stone staircase leading down here.
There are monsters nearby!
There are monsters nearby!
A frilled lizard comes into view.
The frilled lizard hisses angrily.
The bat hits you but does no damage. x2
You miss the bat. Your grab misses the bat. The bat misses you.
The bat misses you. The bat hits you but does no damage. The bat hits you.
You tentacle-slap the bat. You grab the bat. You squeeze the bat.
You kill the bat!
The frilled lizard barely misses you.
You bludgeon the frilled lizard!
You kill the frilled lizard!
The frilled lizard barely misses you.
A frilled lizard is nearby!
You barely miss the frilled lizard. You grab the frilled lizard.
You squeeze the frilled lizard.
You kill the frilled lizard!
Found a stone staircase leading up.
There is a stone staircase leading up here.
Things that are here:
a +0 short sword; a kobold corpse
Things that are here:
a +0 short sword; a kobold corpse
There is an escape hatch in the ceiling here.
Found 6 stones.
No target in view!
No target in view!
You see here 6 stones.
Found a stone staircase leading down.
Found 6 stones.
No target in view!
No target in view!
No target in view!
No target in view!
A jackal comes into view.
A jackal is nearby!
A jackal is nearby!
Terence the Incautious comes into view.
He is wielding a +0 hand axe. 2 jackals come into view.
The jackal barks!
Terence hits you with a +0 hand axe.
You barely miss Terence. You grab Terence.
You constrict Terence, but do no damage.
Terence hits you with a +0 hand axe. The jackal bites you.
The jackal barely misses you.
The jackal barks!
You tentacle-slap Terence but do no damage.
You constrict Terence, but do no damage.
The jackal closely misses you. The jackal barely misses you.
Terence hits you with a +0 hand axe!
You are too injured to fight recklessly!
You are too injured to fight recklessly!
You are too injured to fight recklessly!
You are too injured to fight recklessly!
You tentacle-slap Terence but do no damage.
You constrict Terence, but do no damage.
The jackal barely misses you. x2; Terence hits you with a +0 hand axe.
* * * LOW HITPOINT WARNING * * *
You tentacle-slap Terence. You squeeze Terence.
Terence is moderately wounded.
You constrict Terence. The jackal bites you.
* * * LOW HITPOINT WARNING * * *
The jackal bites you.
* * * LOW HITPOINT WARNING * * *
Terence asks, "Do you want it fast or slow?"
Terence barely misses you. The jackal barely misses you.
The jackal completely misses you.
You tentacle-slap Terence but do no damage.
Terence is moderately wounded.
You constrict Terence, but do no damage.
The jackal bites you but does no damage.
The jackal bites you.
* * * LOW HITPOINT WARNING * * *
The jackal misses you. Terence hits you with a +0 hand axe!
You die...
Terence says, "That felt goooood."

# ### ....# ##
#.#.# ..###.#.#
......#.#.#
......h@#.#
......hh#.# .
......h.#.# ..
........#.#
...........#$# #
...........#.#.#
.....######....#
#............###
.........##.####
########.#.....


You could see Terence and 3 jackals.

Vanquished Creatures
  A gnoll (D:1)
  An adder (D:2)
  A dart slug (D:1)
  3 bats
  4 endoplasms (D:1)
  3 goblins (D:1)
  A hobgoblin (D:1)
  A quokka (D:1)
  2 ball pythons (D:1)
  3 frilled lizards
  10 kobolds
  A rat (D:1)
31 creatures vanquished.

Notes
Turn   | Place    | Note
-------+----------+-------------------------------------------
     0 | D:1      | Flugslaktarn the Octopode Shapeshifter began the quest for
                  | the Orb.
     0 | D:1      | Reached XP level 1. HP: 13/13 MP: 1/1
    60 | D:1      | Reached XP level 2. HP: 16/18 MP: 2/2
   464 | D:1      | Reached XP level 3. HP: 23/23 MP: 3/3
   978 | D:2      | Noticed Terence
   987 | D:2      | HP: 1/24 [jackal (2)]
   987 | D:2      | Mangled by Terence

Illustrated notes

Levels and vault maps discovered:
D:1:      orjb1_lava_funnel, layout_basic
D:2:      layout_basic, st_stairs_7, uniq_terence

Action                     || total
---------------------------++-------
  Melee: Unarmed           ||    57
         Constrict         ||    14
         Tentacles         ||     8
   Stab: Sleeping          ||     7
         Distracted        ||     1
 Armour: Skin              ||    33
  Dodge: Dodged            ||    25

Table legend: (Time is in decaauts)
 A = Elapsed time spent in this place.
 B = Non-inter-level travel time spent in this place.
 C = Inter-level travel time spent in this place.
 D = Time resting spent in this place.
 E = Time spent auto-exploring this place.
 F = Levels seen in this place.
 G = Mean time per level.
                   A        B        C        D        E       F      G
               +--------+--------+--------+--------+--------+-----+--------+
         Total |    983 |    970 |     13 |      0 |    800 |   2 |  491.5 |
       Dungeon |    983 |    970 |     13 |      0 |    800 |   2 |  491.5 |
               +--------+--------+--------+--------+--------+-----+--------+

Top non-repeatable levels by time:
     D:1: 607 daAuts
     D:2: 376 daAuts
